[Event "ICC tourney 2140 (3 2)"]
[Site "Internet Chess Club"]
[Date "2020.11.20"]
[Round "6"]
[White "FivePlyGuy"]
[Black "BreatheChessAls"]
[Result "0-1"]
[ICCResult "White forfeits on time"]
[WhiteElo "1650"]
[BlackElo "1652"]
[Opening "Réti: advance variation"]
[ECO "A09"]
[NIC "QP.09"]
[Time "21:02:52"]
[TimeControl "180+2"]

1. Nf3 d5 2. c4 d4 3. d3 Nc6 4. a3 a5 5. g3 e5 6. Bg2 Be6 7. O-O h6 8. e3
Bc5 9. exd4 exd4 10. Re1 Nf6 11. Nbd2 O-O 12. Rb1 Bf5 13. Ne4 Nxe4 14. dxe4
Be6 15. Bf4 a4 16. Qd3 Na5 17. Rbd1 Bxc4 18. Qd2 Nb3 19. Qc2 b5 20. Bf1 Bxf1
21. Kxf1 Bb6 22. Nd2 d3 23. Qb1 Nc5 24. Be3 Qd7 25. Kg2 Rad8 26. f3 Rfe8 27.
b4 Ne6 28. Bxb6 cxb6 29. Nf1 Ng5 30. g4 Qc7 31. Rd2 Ne6 32. Red1 Nf4+ 33.
Kg1 Qe5 34. Ng3 Qd4+ 35. Kf1 Qe3 36. Rf2 Nh3 37. Rdd2 Nxf2 38. Rxf2 d2 39.
Qd1 Qxa3 {White forfeits on time} 0-1

[Event "ICC tourney 2140 (3 2)"]
[Site "Internet Chess Club"]
[Date "2020.11.20"]
[Round "6"]
[White "TjkTiger"]
[Black "searchforbobby1"]
[Result "1-0"]
[ICCResult "Black resigns"]
[WhiteElo "2319"]
[BlackElo "1875"]
[Opening "QGD: 3.Nc3"]
[ECO "D31"]
[NIC "EO.64"]
[Time "21:03:04"]
[TimeControl "180+2"]

1. c4 e6 2. Nc3 d5 3. d4 f5 4. cxd5 exd5 5. e4 dxe4 6. Bc4 Nf6 7. Nh3 Bb4 8.
O-O c6 9. Nf4 Qe7 10. a3 Bxc3 11. bxc3 Nbd7 12. a4 Nb6 13. Ba3 Qc7 14. Ne6
Bxe6 15. Bxe6 g6 16. c4 Nbd7 17. d5 Qe5 18. Rb1 cxd5 19. cxd5 b6 20. Bb2 Qd6
21. Qd4 Rf8 22. Qc4 Nc5 23. Ba3 Ng4 24. g3 Ne5 25. Qb5+ Ke7 26. Rfc1 Rac8
27. Bxc8 Rxc8 28. Qa6 Rc7 29. Bxc5 Rxc5 30. Qxa7+ Nd7 31. Rxc5 Qxc5 32. a5
e3 33. Re1 Ke8 34. Rxe3+ Kd8 35. axb6 Nxb6 36. Qb8+ Kd7 37. Qe8+ Kc7 38.
Qe7+ Qxe7 39. Rxe7+ Kd6 40. Rxh7 Nxd5 41. Ra7 Ke6 42. Ra6+ Kf7 43. Kg2 Nf6
44. f3 Nd5 45. Kf2 Nf6 46. Rd6 Ne8 47. Rc6 Nf6 48. Ke3 Nd5+ 49. Kd4 Ne7 50.
Rb6 Ng8 51. Ke5 Kg7 52. Rb7+ Kh6 53. f4 Kh5 54. Rh7+ Nh6 55. Kf6 Kg4 56.
Rxh6 {Black resigns} 1-0

[Event "ICC tourney 2140 (3 2)"]
[Site "Internet Chess Club"]
[Date "2020.11.20"]
[Round "6"]
[White "AramWU"]
[Black "HansNiemann"]
[Result "1-0"]
[ICCResult "Black resigns"]
[WhiteElo "2080"]
[BlackElo "2043"]
[Opening "QGD: 6.Nf3"]
[ECO "D55"]
[NIC "QO.13"]
[Time "21:02:45"]
[TimeControl "180+2"]

1. c4 e6 2. Nc3 d5 3. d4 Nf6 4. Bg5 Be7 5. e3 O-O 6. Nf3 b6 7. Bxf6 Bxf6 8.
cxd5 exd5 9. Qb3 Bb7 10. Rd1 c6 11. Bd3 Nd7 12. O-O Re8 13. Rfe1 Nf8 14. Bb1
Ne6 15. a3 Qd7 16. Ba2 Rad8 17. h3 c5 18. dxc5 Nxc5 19. Qc2 Qe6 20. Nd4 Qc8
21. Nde2 Ne4 22. Bb1 g6 23. Nxe4 dxe4 24. Qb3 Be5 25. Ba2 Qc7 26. Rc1 Qe7
27. Red1 Kg7 28. Nc3 Qf6 29. Nd5 Bxd5 30. Rxd5 Rxd5 31. Qxd5 Rd8 32. Qxe4
Bxb2 33. Rf1 Bxa3 34. Qa4 Bc5 35. Qxa7 Rd2 36. Qa8 h5 37. Bd5 h4 38. Bf3 b5
39. Rc1 Bd6 40. Rc8 Qe5 41. Kf1 b4 42. Rh8 Qe7 43. Qg8+ Kf6 44. Rxh4 Qe5 45.
Rf4+ Qxf4 46. exf4 Bxf4 47. g3 Be5 48. Qh8+ Ke6 49. Qe8+ Kf6 50. Qh8+ Ke6
51. Bg4+ f5 52. Qe8+ Kf6 53. Qf8+ Ke6 54. Be2 Rd4 55. Bc4+ Kd7 56. Qxb4 Rd6
57. Qb5+ Ke7 58. Qxe5+ {Black resigns} 1-0

[Event "ICC tourney 2140 (3 2)"]
[Site "Internet Chess Club"]
[Date "2020.11.20"]
[Round "6"]
[White "jefferyx"]
[Black "Kalmyk"]
[Result "1/2-1/2"]
[ICCResult "Game drawn by repetition"]
[WhiteElo "2783"]
[BlackElo "2699"]
[Opening "Four knights: Scotch, 4...exd4"]
[ECO "C47"]
[NIC "KP.06"]
[Time "21:02:49"]
[TimeControl "180+2"]

1. e4 e5 2. Nf3 Nc6 3. Nc3 Nf6 4. d4 exd4 5. Nxd4 Bb4 6. Nxc6 bxc6 7. Bd3 d5
8. exd5 cxd5 9. O-O O-O 10. Qf3 c6 11. h3 Rb8 12. Bf4 Bd6 13. b3 Rb4 14. Ne2
Bxf4 15. Nxf4 Qd6 16. c4 a5 17. Rad1 a4 18. Bc2 axb3 19. axb3 Qb8 20. Nd3
Rb6 21. Rfe1 dxc4 22. bxc4 Be6 23. Ne5 c5 24. Qe3 Qc7 25. Rd3 Bf5 26. Rd2
Bxc2 27. Rxc2 Re8 28. Rce2 Rbe6 29. Qg3 Nh5 30. Qf3 Nf6 31. Nd3 Rxe2 32.
Rxe2 Rd8 33. g3 Qd7 34. Nf4 Qf5 35. Re3 g6 36. Kg2 Kg7 37. Nd3 Qxf3+ 38.
Kxf3 Rd4 39. Ne5 h5 40. g4 h4 41. Rd3 Re4 42. Rd5 Re1 43. Rxc5 Ne4 44. Rd5
Ng5+ 45. Kg2 Ne6 46. Nd3 Rd1 47. Kf3 Rh1 48. Kg2 Rd1 49. Kf3 Rh1 50. c5
Rxh3+ 51. Kg2 Rxd3 52. Rxd3 Nxc5 53. Rd4 Ne6 54. Re4 g5 55. f3 Kg6 56. Kf2
Nf4 57. Ra4 f6 58. Ra5 Nd3+ 59. Kg2 Ne5 60. Kf2 Nd3+ 61. Kg2 Ne5 62. Kf2
Nd3+ 63. Kg2 {Game drawn by repetition} 1/2-1/2

[Event "ICC tourney 2140 (3 2)"]
[Site "Internet Chess Club"]
[Date "2020.11.20"]
[Round "6"]
[White "chessrex"]
[Black "chesslin"]
[Result "0-1"]
[ICCResult "White checkmated"]
[WhiteElo "1869"]
[BlackElo "1616"]
[Opening "Modern defense"]
[ECO "A40"]
[NIC "QO.17"]
[Time "21:04:41"]
[TimeControl "180+2"]

1. d4 g6 2. b4 Bg7 3. Bb2 d6 4. a3 Nf6 5. e3 O-O 6. c4 b6 7. Nf3 Bb7 8. Nbd2
Nbd7 9. g3 g5 10. Bg2 g4 11. Nh4 Bxg2 12. Nxg2 e6 13. h3 gxh3 14. Rxh3 e5
15. d5 Re8 16. e4 Nf8 17. Ne3 Qd7 18. Rh1 h6 19. Qf3 N8h7 20. Nf5 Ng5 21.
Qe3 b5 22. f3 bxc4 23. Nxc4 Nxd5 24. Qf2 Ne7 25. Nxh6+ Bxh6 26. Rxh6 Kg7 27.
Rh5 Ne6 28. O-O-O Rh8 29. Rdh1 Rxh5 30. Rxh5 Rh8 31. Rxh8 Kxh8 32. f4 f6 33.
fxe5 fxe5 34. Qh2+ Kg7 35. Kb1 Qc6 36. Qc2 Nd4 37. Bxd4 exd4 38. Qd3 Kf7 39.
Qxd4 Qa6 40. e5 d5 41. Qf4+ Ke8 42. Na5 Qd3+ 43. Kb2 Nf5 44. Nb3 c6 45. g4
Ne3 46. Nd4 Nc4+ 47. Kc1 Qxa3+ 48. Kd1 Qa1+ 49. Ke2 Qb2+ 50. Kf1 Nd2+ 51.
Kg1 Ne4 52. Nxc6 Qb1+ 53. Kh2 Qc2+ 54. Kh3 Qxc6 55. g5 Qg6 56. Qc1 Qh5+ 57.
Kg2 Qxg5+ 58. Qxg5 Nxg5 59. Kg3 Kf7 60. Kf4 Ne6+ 61. Kf5 d4 62. Ke4 Kg6 63.
b5 Kg5 64. Kd3 Kf5 65. Kc4 Kxe5 66. Kd3 Kd5 67. Kc2 Kc5 68. Kb3 Kxb5 69. Kc2
Kc4 70. Kd2 a5 71. Kc2 a4 72. Kb2 d3 73. Kc1 Nd4 74. Kd2 a3 75. Kc1 Kc3 76.
Kb1 d2 77. Ka2 Nc2 78. Kb1 d1=Q+ 79. Ka2 Qa1# {White checkmated} 0-1

[Event "ICC tourney 2140 (3 2)"]
[Site "Internet Chess Club"]
[Date "2020.11.20"]
[Round "7"]
[White "BreatheChessAls"]
[Black "TjkTiger"]
[Result "0-1"]
[ICCResult "White resigns"]
[WhiteElo "1651"]
[BlackElo "2320"]
[Opening "Queen's pawn: London system"]
[ECO "A45"]
[NIC "QP.07"]
[Time "21:33:01"]
[TimeControl "180+2"]

1. d4 Nf6 2. Bf4 c5 3. e3 g6 4. c3 Bg7 5. Nd2 O-O 6. Ngf3 cxd4 7. exd4 d6 8.
Be2 Nc6 9. h3 e5 10. dxe5 dxe5 11. Nxe5 Nd5 12. Nxc6 bxc6 13. Bg3 Re8 14.
O-O Bxc3 15. Qc2 Bf5 16. Bd3 Bxd2 17. Qxd2 Bxd3 18. Qxd3 Qf6 19. Rac1 Qxb2
20. Qb3 Qxb3 21. axb3 Rec8 22. Rc5 a5 23. Rfc1 Nb4 24. R5c4 Rd8 25. Bc7 Rd5
26. Bxa5 Nd3 27. Rd1 Raxa5 28. Rxc6 Nb4 29. Rc8+ Kg7 30. Rxd5 Nxd5 31. Rb8
Ra1+ 32. Kh2 Ra2 33. Kg3 Rb2 34. Rb5 Nc3 35. Rb8 Ne4+ 36. Kf3 Rxb3+ 37. Rxb3
Nd2+ 38. Ke2 Nxb3 39. Kd3 Kf6 40. g3 Nc5+ 41. Kd4 Ne6+ 42. Ke4 Ng5+ 43. Kf4
Nxh3+ 44. Kg4 Nxf2+ 45. Kf3 Nd3 {White resigns} 0-1

[Event "ICC tourney 2140 (3 2)"]
[Site "Internet Chess Club"]
[Date "2020.11.20"]
[Round "7"]
[White "manest"]
[Black "GGuseinov"]
[Result "1/2-1/2"]
[ICCResult "Game drawn by mutual agreement"]
[WhiteElo "2684"]
[BlackElo "2787"]
[Opening "Nimzovich-Larsen attack"]
[ECO "A01"]
[NIC "VO.08"]
[Time "21:32:40"]
[TimeControl "180+2"]

1. b3 d6 2. Bb2 e5 3. e3 g6 4. d4 Bg7 5. dxe5 Nd7 6. Nf3 dxe5 7. Na3 Ne7 8.
Nc4 f6 9. a4 O-O 10. Be2 Nb6 11. Ba3 Qxd1+ 12. Rxd1 Kf7 13. a5 Nbd5 14.
Ncxe5+ fxe5 15. Bc4 c6 16. e4 Rd8 17. Ng5+ Ke8 18. Bxe7 Kxe7 19. exd5 Bf5
20. dxc6 bxc6 21. Rd2 e4 22. Rxd8 Rxd8 23. O-O Bc3 24. Nxh7 Bxa5 25. Ra1 Bb6
26. g4 Bxg4 27. Re1 Bf5 28. Ng5 Rd2 29. Nxe4 Rxc2 30. Kg2 Kf8 31. Kg3 Bxe4
32. Rxe4 Bxf2+ 33. Kg4 Bb6 34. h4 Kg7 {Game drawn by mutual agreement}
1/2-1/2

[Event "ICC tourney 2140 (3 2)"]
[Site "Internet Chess Club"]
[Date "2020.11.20"]
[Round "7"]
[White "searchforbobby1"]
[Black "chessrex"]
[Result "0-1"]
[ICCResult "White resigns"]
[WhiteElo "1859"]
[BlackElo "1885"]
[Opening "King's pawn game"]
[ECO "C21"]
[NIC "KP.10"]
[Time "21:33:33"]
[TimeControl "180+2"]

1. e4 e5 2. d4 Nc6 3. d5 Nce7 4. Be3 d6 5. c4 f5 6. f3 Nf6 7. Nc3 g6 8. Bd3
Bg7 9. Qd2 f4 10. Bf2 g5 11. h3 h5 12. c5 g4 13. hxg4 hxg4 14. Rxh8+ Bxh8
15. Nge2 g3 16. Bg1 Kf7 17. O-O-O b6 18. cxd6 cxd6 19. Kb1 a5 20. Nb5 Ba6
21. Rc1 Bxb5 22. Bxb5 Rc8 23. Rxc8 Nxc8 24. Nc3 Nd7 25. Na4 Nc5 26. Nxc5
bxc5 27. a3 Qb6 28. Bc4 Bf6 29. Kc2 Bd8 30. a4 Qb4 31. Qxb4 cxb4 32. Bb5 Bb6
33. Bxb6 Nxb6 34. Kd3 Ke7 35. b3 Kd8 36. Bc6 Kc7 37. Be8 Nc8 38. Kc4 Kb6 39.
Bd7 Ne7 40. Bf5 Ng8 41. Be6 Nf6 42. Bf7 Nxe4 43. Kd3 Nc5+ 44. Kc4 e4 45. Bh5
e3 {White resigns} 0-1

[Event "ICC tourney 2140 (3 2)"]
[Site "Internet Chess Club"]
[Date "2020.11.20"]
[Round "7"]
[White "chesslin"]
[Black "venkataralla"]
[Result "1-0"]
[ICCResult "Black forfeits on time"]
[WhiteElo "1620"]
[BlackElo "1294"]
[Opening "Queen's pawn: London system"]
[ECO "A45"]
[NIC "QP.07"]
[Time "21:32:38"]
[TimeControl "180+2"]

1. d4 Nf6 2. Bf4 g6 3. Nc3 Bg7 4. e4 d6 5. Qd2 O-O 6. O-O-O Nc6 7. Nf3 a5 8.
h3 a4 9. a3 Re8 10. Bh6 Bh8 11. Bb5 Bd7 12. e5 dxe5 13. dxe5 Nxe5 14. Nxe5
Bxb5 15. Qxd8 Raxd8 16. Nxb5 Ne4 17. Nd3 Rxd3 18. Rxd3 Nxf2 19. Rhd1 Nxd1
20. Rxd1 c6 21. Nd4 Rd8 22. Nf3 Rc8 23. Rd7 e5 24. Ng5 e4 25. Nxe4 Re8 26.
Nd6 Ra8 27. Nxf7 Bf6 28. Bd2 Re8 29. Nh6+ Kh8 30. Rf7 Bg7 31. g4 Re2 32.
Rxb7 Re8 33. Ra7 Rd8 34. Bc3 Bxc3 35. bxc3 Rf8 36. Rf7 Re8 37. g5 Rd8 38.
Rc7 Re8 39. Rxc6 Re1+ 40. Kd2 Re7 41. Rc8+ {Black forfeits on time} 1-0

[Event "ICC tourney 2140 (3 2)"]
[Site "Internet Chess Club"]
[Date "2020.11.20"]
[Round "7"]
[White "Gukesh"]
[Black "breaker90"]
[Result "1-0"]
[ICCResult "Black forfeits on time"]
[WhiteElo "2021"]
[BlackElo "1709"]
[Opening "King's Indian: fianchetto, Kavalek (Bronstein) variation"]
[ECO "A49"]
[NIC "KI.74"]
[Time "21:32:57"]
[TimeControl "180+2"]

1. d4 Nf6 2. Nf3 g6 3. g3 Bg7 4. Bg2 O-O 5. O-O d6 6. c4 c6 7. Nc3 Qa5 8. e4
Bg4 9. h3 Bxf3 10. Bxf3 Nfd7 11. Be3 c5 12. Bg2 Nc6 13. d5 Nd4 14. a3 Qa6
15. b3 e5 16. Ra2 Qb6 17. Rb2 a6 18. f4 Qa5 19. Nb1 f5 20. Rbf2 b5 21. fxe5
Nxe5 22. Bxd4 cxd4 23. cxb5 Qxb5 24. exf5 Rxf5 25. Rxf5 gxf5 26. Rxf5 Rb8
27. b4 a5 28. Nd2 axb4 29. axb4 Qd3 30. Rf1 Bh6 31. Ne4 Be3+ 32. Kh2 Qxd1
33. Rxd1 Rxb4 34. Nxd6 Rb2 35. Nf5 Bf2 36. Kh1 Kf7 37. Nxd4
{Black forfeits on time}
1-0

[Event "ICC tourney 2140 (3 2)"]
[Site "Internet Chess Club"]
[Date "2020.11.20"]
[Round "7"]
[White "chesssky"]
[Black "FivePlyGuy"]
[Result "1-0"]
[ICCResult "Black checkmated"]
[WhiteElo "1996"]
[BlackElo "1648"]
[Opening "Réti opening"]
[ECO "A04"]
[NIC "QP.11"]
[Time "21:32:42"]
[TimeControl "180+2"]

1. Nf3 g6 2. d4 Bg7 3. c4 e6 4. g3 Ne7 5. Bg2 d5 6. O-O O-O 7. Nbd2 Nd7 8.
b3 Nf6 9. Bb2 b6 10. Rc1 Bb7 11. Ne5 Rc8 12. c5 bxc5 13. dxc5 Nc6 14. Ndf3
Nd7 15. Nxc6 Bxc6 16. Bxg7 Kxg7 17. Nd4 Nb8 18. Qd2 Qd7 19. Rfd1 Bb7 20. Qc3
f6 21. c6 Nxc6 22. Nxc6 Ra8 23. Nd4 Rfc8 24. Qa5 e5 25. Rxc7 Rxc7 26. Qxc7
Qxc7 27. Ne6+ Kf7 28. Nxc7 e4 29. Nxd5 f5 30. Ne3 Ba6 31. Rd7+ Ke6 32. Rxh7
Bxe2 33. Bf1 Bh5 34. Rc7 a5 35. Bc4+ Ke5 36. Rc5+ Kd4 37. Rc6 Rd8 38. Bf1
Ke5 39. Nc4+ Kd5 40. Ra6 Kd4 41. Rd6+ Rxd6 42. Nxd6 Kc3 43. Nc4 a4 44. bxa4
Kb4 45. a5 Kc5 46. a6 Kc6 47. Ne5+ Kb6 48. Nd7+ Ka7 49. Ne5 g5 50. a4 Bd1
51. a5 Ba4 52. Bc4 f4 53. Kf1 Bc2 54. Ke2 Ka8 55. Nc6 Ba4 56. Nb4 Bd7 57.
Bd5+ Ka7 58. Bb7 Bg4+ 59. Kd2 e3+ 60. fxe3 fxg3 61. Nc6# {Black checkmated}
1-0

[Event "ICC tourney 2140 (3 2)"]
[Site "Internet Chess Club"]
[Date "2020.11.20"]
[Round "7"]
[White "AramWU"]
[Black "jefferyx"]
[Result "1-0"]
[ICCResult "Black resigns"]
[WhiteElo "2203"]
[BlackElo "2771"]
[Opening "English, 1...Nf6 (Anglo-Indian defense)"]
[ECO "A15"]
[NIC "EO.64"]
[Time "21:34:48"]
[TimeControl "180+2"]

1. c4 Nf6 2. b3 g6 3. Bb2 Bg7 4. g3 O-O 5. Bg2 d6 6. Nf3 e5 7. O-O Re8 8. d3
Nbd7 9. Nc3 c6 10. Nd2 Nf8 11. b4 Ne6 12. b5 d5 13. Rb1 h5 14. Ba3 h4 15.
Qa4 h3 16. Bh1 d4 17. Nce4 cxb5 18. Qxb5 Ng4 19. Nd6 Rf8 20. Nxc8 Rxc8 21.
Bxf8 Bxf8 22. Qxb7 Nc5 23. Qxa7 Nf6 24. Nb3 Ne6 25. Rfc1 Bb4 26. c5 Bc3 27.
c6 Nf4 28. Rc2 Rc7 29. Qc5 N4d5 30. Nd2 Bxd2 31. Rxd2 Nc3 32. Rb3 Ng4 33.
Bf3 Qg5 34. Rb8+ Kg7 35. Qf8+ Kf6 36. Qh8+ Kf5 37. Qxh3 Qxd2 38. Qxg4+ Kf6
39. Qh4+ Ke6 40. Re8+ Kd6 41. Qd8+ Kc5 42. Rxe5+ Kb6 43. Qb8+ {Black
resigns} 1-0

[Event "ICC tourney 2140 (3 2)"]
[Site "Internet Chess Club"]
[Date "2020.11.20"]
[Round "7"]
[White "Kalmyk"]
[Black "SupaHotFiya"]
[Result "1-0"]
[ICCResult "Black resigns"]
[WhiteElo "2699"]
[BlackElo "1783"]
[Opening "Robatsch (modern) defense"]
[ECO "B06"]
[NIC "KF.05"]
[Time "21:32:38"]
[TimeControl "180+2"]

1. e4 g6 2. d4 Bg7 3. Nc3 d6 4. Bg5 a6 5. Nf3 Nf6 6. e5 Nfd7 7. Bc4 Nb6 8.
Bb3 O-O 9. h3 Nc6 10. Qe2 dxe5 11. dxe5 Nd4 12. Nxd4 Qxd4 13. f4 Be6 14. Rd1
Qb4 15. a3 Qc5 16. Bxe6 fxe6 17. Ne4 Qa5+ 18. c3 h6 19. Bxe7 Rxf4 20. Nf6+
Bxf6 21. Bxf6 Qa4 22. Qd3 Re4+ 23. Kf2 Rf4+ 24. Kg3 Qe4 25. Qxe4 Rxe4 26.
Kf3 Ra4 27. Be7 Nd5 28. Bb4 a5 29. Bc5 b6 30. Bd4 c5 31. Bf2 Rf8+ 32. Kg3
Raf4 33. Rd2 c4 34. a4 g5 35. Re1 h5 36. Bg1 Kg7 37. Rde2 Kg6 38. Re4 Rxe4
39. Rxe4 Rc8 40. Kf3 Kf5 41. g4+ hxg4+ 42. hxg4+ Kg6 43. Kg3 Rc6 44. Be3 Rc8
45. Kf3 Rf8+ 46. Kg3 Rc8 47. Bd2 Rc6 48. Re2 Rc8 49. Re1 Rd8 50. Re4 Rc8 51.
Bc1 Rc6 52. Re1 Rc8 53. Rh1 Rf8 54. Rd1 Rc8 55. Rd4 Rc6 56. Kf3 Rc8 57. Bd2
Rf8+ 58. Ke2 Rc8 59. Be3 Rc6 60. Rd1 Rc8 61. Bf2 Nf4+ 62. Kf3 Nd3 63. Bxb6
Rb8 64. Bxa5 Rxb2 65. Ra1 Nxe5+ 66. Ke4 Nxg4 67. Bc7 Nf6+ 68. Kd4 Rb7 69.
Bg3 Nd5 70. a5 Rd7 71. Kc5 Rd8 72. a6 Rc8+ 73. Kd4 Nb6 74. a7 Na8 75. Rb1
Rd8+ 76. Kxc4 Rc8+ 77. Kd4 Rd8+ 78. Ke3 Rc8 79. Rb8 Rxc3+ 80. Kf2 Rc2+ 81.
Ke1 Ra2 82. Rxa8 Kh7 83. Be5 Kg6 84. Rg8+ Kf5 85. a8=Q Rxa8 86. Rxa8
{Black resigns}
1-0

[Event "ICC tourney 2140 (3 2)"]
[Site "Internet Chess Club"]
[Date "2020.11.20"]
[Round "8"]
[White "GGuseinov"]
[Black "AramWU"]
[Result "1/2-1/2"]
[ICCResult "Game drawn by repetition"]
[WhiteElo "2781"]
[BlackElo "2261"]
[Opening "Alekhine's defense: Scandinavian variation"]
[ECO "B02"]
[NIC "AL.10"]
[Time "21:46:43"]
[TimeControl "180+2"]

1. e4 Nf6 2. Nc3 d5 3. exd5 Nxd5 4. Bc4 Nb6 5. Bb3 Nc6 6. Qf3 e6 7. Nge2 Be7
8. O-O O-O 9. Rd1 e5 10. d3 Kh8 11. a4 a5 12. d4 Nxd4 13. Nxd4 exd4 14. Nb5
c5 15. Bf4 Qd7 16. Nc7 Ra7 17. Nb5 Ra6 18. Nc7 Ra7 19. Nb5 Ra6 20. Nc7 Ra7
21. Nb5 {Game drawn by repetition} 1/2-1/2

[Event "ICC tourney 2140 (3 2)"]
[Site "Internet Chess Club"]
[Date "2020.11.20"]
[Round "8"]
[White "chessrex"]
[Black "Monkeybomb3605"]
[Result "1-0"]
[ICCResult "Black checkmated"]
[WhiteElo "1887"]
[BlackElo "1515"]
[Opening "Blackmar-Diemer gambit"]
[ECO "A45"]
[NIC "QP.07"]
[Time "21:46:32"]
[TimeControl "180+2"]

1. d4 Nf6 2. f3 d5 3. e4 dxe4 4. Nc3 exf3 5. Nxf3 g6 6. Bc4 Bg7 7. O-O O-O
8. h3 c5 9. dxc5 Qa5 10. Be3 Rd8 11. Qe2 Bf5 12. a3 Qc7 13. Nb5 Qc8 14. b4
a6 15. Nbd4 Ne4 16. Nxf5 gxf5 17. Ng5 Ng3 18. Bxf7+ Kh8 19. Qf3 Nxf1 20. Qh5
h6 21. Qg6 hxg5 22. Qh5+ Bh6 23. Qxh6# {Black checkmated} 1-0

[Event "ICC tourney 2140 (3 2)"]
[Site "Internet Chess Club"]
[Date "2020.11.20"]
[Round "8"]
[White "SupaHotFiya"]
[Black "venkataralla"]
[Result "0-1"]
[ICCResult "White checkmated"]
[WhiteElo "1753"]
[BlackElo "1324"]
[Opening "Sicilian: Canal-Sokolsky (Nimzovich-Rossolimo, Moscow) attack"]
[ECO "B51"]
[NIC "SI.01"]
[Time "21:47:01"]
[TimeControl "180+2"]

1. e4 c5 2. Nf3 d6 3. Bb5+ Nd7 4. d4 cxd4 5. Qxd4 Nf6 6. c4 a6 7. Bxd7+ Bxd7
8. Nc3 e6 9. Bg5 Be7 10. O-O-O O-O 11. Kb1 Rc8 12. b3 h6 13. Be3 b5 14. cxb5
axb5 15. e5 dxe5 16. Nxe5 Bc5 17. Qd2 Bxe3 18. Qxe3 Qa5 19. Ne4 Nd5 20. Qd2
Qa7 21. Rc1 b4 22. Rc4 Bb5 23. Rxc8 Rxc8 24. Rc1 Ra8 25. Rc2 Rd8 26. Qe1 Qd4
27. Nc5 Nc3+ 28. Kc1 Qd1+ 29. Qxd1 Rxd1+ 30. Kb2 Rb1# {White checkmated} 0-1

[Event "ICC tourney 2140 (3 2)"]
[Site "Internet Chess Club"]
[Date "2020.11.20"]
[Round "8"]
[White "jefferyx"]
[Black "TjkTiger"]
[Result "1-0"]
[ICCResult "Black resigns"]
[WhiteElo "2773"]
[BlackElo "2318"]
[Opening "Czech Benoni defense"]
[ECO "A56"]
[NIC "OI.05"]
[Time "21:46:33"]
[TimeControl "180+2"]

1. d4 Nf6 2. c4 c5 3. d5 e5 4. Nc3 d6 5. e4 Nbd7 6. Be2 a6 7. a4 Be7 8. a5
Rb8 9. Nf3 O-O 10. O-O Ne8 11. Ne1 g6 12. Nd3 Bg5 13. b4 Bxc1 14. Qxc1 cxb4
15. Nxb4 Nc5 16. Qa3 f5 17. Rab1 Bd7 18. Nc2 fxe4 19. Rb6 Qg5 20. Rxd6 Nxd6
21. Qxc5 Bh3 22. Ne3 Rf6 23. Qb4 Bxg2 24. Nxg2 e3 25. fxe3 Rxf1+ 26. Bxf1
Nf5 27. Ne4 Qh6 28. Qb6 Rf8 29. Qe6+ Kh8 30. Qxe5+ Ng7 31. Nc5 Qh3 32. Ne6
Rxf1+ 33. Kxf1 Qf3+ 34. Ke1 {Black resigns} 1-0

[Event "ICC tourney 2140 (3 2)"]
[Site "Internet Chess Club"]
[Date "2020.11.20"]
[Round "8"]
[White "breaker90"]
[Black "chesslin"]
[Result "1-0"]
[ICCResult "Black resigns"]
[WhiteElo "1740"]
[BlackElo "1615"]
[Opening "Robatsch (modern) defense"]
[ECO "B06"]
[NIC "KF.05"]
[Time "21:48:38"]
[TimeControl "180+2"]

1. e4 g6 2. d4 Bg7 3. Nf3 d6 4. Be3 Nf6 5. Nc3 a6 6. Qd2 b5 7. a3 Bb7 8. Bd3
h6 9. O-O-O Nc6 10. e5 Ng4 11. e6 f5 12. h3 Nxe3 13. Qxe3 Na5 14. g4 Nc4 15.
Bxc4 bxc4 16. gxf5 g5 17. Rhg1 Bf6 18. d5 Rb8 19. Ne4 O-O 20. Nxf6+ Rxf6 21.
h4 Rxf5 22. hxg5 Bxd5 23. gxh6+ Kh8 24. Qd4+ Rf6 25. Qxd5 c3 26. Ng5 Rb5 27.
Nf7+ Rxf7 28. exf7 Rxd5 29. Rg8+ Kh7 30. Rxd8 Rxd1+ 31. Kxd1 {Black resigns}
1-0

[Event "ICC tourney 2140 (3 2)"]
[Site "Internet Chess Club"]
[Date "2020.11.20"]
[Round "8"]
[White "manest"]
[Black "Kalmyk"]
[Result "1-0"]
[ICCResult "Black forfeits on time"]
[WhiteElo "2701"]
[BlackElo "2682"]
[Opening "Nimzovich-Larsen attack: Indian variation"]
[ECO "A01"]
[NIC "VO.08"]
[Time "21:46:40"]
[TimeControl "180+2"]

1. b3 Nf6 2. Bb2 g6 3. g3 Bg7 4. Bg2 O-O 5. Nf3 c5 6. c4 d6 7. d4 Ne4 8.
Nbd2 Bf5 9. Nh4 Qa5 10. Nxf5 gxf5 11. Bxe4 fxe4 12. Qc2 cxd4 13. Qxe4 Nc6
14. a3 Qe5 15. O-O f5 16. Qf3 Qe6 17. Qd5 Qf7 18. Nf3 e5 19. Qxd6 Rfd8 20.
Qc5 Rac8 21. Rad1 b6 22. Qb5 Qb7 23. c5 Na5 24. b4 a6 25. Qa4 Nc4 26. Qb3
Qd5 27. cxb6 Nxb6 28. Qxd5+ Rxd5 29. Rc1 Rdd8 30. Nh4 f4 31. gxf4
{Black forfeits on time}
1-0

[Event "ICC tourney 2140 (3 2)"]
[Site "Internet Chess Club"]
[Date "2020.11.20"]
[Round "8"]
[White "searchforbobby1"]
[Black "BreatheChessAls"]
[Result "0-1"]
[ICCResult "White resigns"]
[WhiteElo "1834"]
[BlackElo "1676"]
[Opening "Sicilian: Alapin's variation (2.c3)"]
[ECO "B22"]
[NIC "SI.47"]
[Time "21:46:30"]
[TimeControl "180+2"]

1. e4 c5 2. c3 Nf6 3. e5 Nd5 4. d4 cxd4 5. Nf3 e6 6. cxd4 Nc6 7. a3 Be7 8.
Bd3 O-O 9. Qc2 h6 10. O-O d6 11. Qe2 dxe5 12. dxe5 Bg5 13. Bxg5 hxg5 14. Qe4
g6 15. Qg4 Nf4 16. Be4 Nd4 17. Nxg5 f5 18. exf6 Qxf6 19. Nc3 e5 20. Qh4 Nh5
21. Nd5 Qa6 22. Bxg6 Qxg6 23. Ne7+ Kg7 24. Nxg6 Kxg6 25. Nh3 Bxh3 26. Qxh3
Nf4 27. Qg4+ Kf6 28. Rae1 Rg8 29. Qh4+ Kf7 30. g3 Nf3+ 31. Kh1 Nxh4 32. gxh4
Rg4 33. Rxe5 Rxh4 34. f3 Rah8 35. Rf2 Nd3 36. Rf5+ Ke6 37. Rd2 Kxf5 38. Rxd3
Rxh2+ 39. Kg1 Rxb2 40. a4 Re8 41. Rd1 Ree2 42. a5 Rg2+ 43. Kh1 Rh2+ 44. Kg1
Rbg2+ 45. Kf1 Rh1+ 46. Kxg2 Rxd1 {White resigns} 0-1

[Event "ICC tourney 2140 (3 2)"]
[Site "Internet Chess Club"]
[Date "2020.11.20"]
[Round "8"]
[White "chesssky"]
[Black "Gukesh"]
[Result "0-1"]
[ICCResult "White resigns"]
[WhiteElo "1971"]
[BlackElo "2043"]
[Opening "Catalan: open, 5.Nf3"]
[ECO "E04"]
[NIC "CA.03"]
[Time "21:46:31"]
[TimeControl "180+2"]

1. Nf3 Nf6 2. d4 d5 3. c4 e6 4. g3 dxc4 5. Bg2 a6 6. a4 Nc6 7. O-O Na5 8.
Nbd2 Be7 9. Qc2 O-O 10. Nxc4 Nxc4 11. Qxc4 b5 12. Qc6 Rb8 13. axb5 Bb7 14.
Qc2 Be4 15. Qb3 axb5 16. Rd1 Nd5 17. Ne5 Bxg2 18. Nc6 Qd6 19. Nxe7+ Nxe7 20.
Kxg2 Nf5 21. Bf4 Nxd4 22. Bxd6 Nxb3 23. Bxf8 Nxa1 24. Bb4 Nb3 25. Rd3 Nc1
26. Rd1 Nb3 27. Rd3 c5 28. Rxb3 cxb4 29. Rxb4 Kf8 30. Rd4 Ke7 31. Kf3 Rc8
32. Rd3 Rc4 33. Ke3 h5 34. Kd2 h4 35. b3 Rc5 36. Rd4 hxg3 37. hxg3 e5 38.
Rd3 Ke6 39. Rd8 Rd5+ 40. Rxd5 Kxd5 41. Kd3 f5 42. b4 g5 43. e3 g4 44. Kc3
Ke4 45. Kd2 Kf3 46. Ke1 f4 47. exf4 exf4 48. gxf4 Kxf4 49. Ke2 Ke4 50. Kd2
Kd4 51. Ke2 Kc4 52. Ke3 Kxb4 53. Kf4 Kc5 54. Kxg4 b4 55. f4 b3 56. f5 b2 57.
f6 b1=Q 58. Kg5 Qh7 {White resigns} 0-1

[Event "ICC tourney 2140 (3 2)"]
[Site "Internet Chess Club"]
[Date "2020.11.20"]
[Round "9"]
[White "BreatheChessAls"]
[Black "jefferyx"]
[Result "0-1"]
[ICCResult "White resigns"]
[WhiteElo "1676"]
[BlackElo "2773"]
[Opening "Queen's pawn: London system"]
[ECO "A45"]
[NIC "QP.07"]
[Time "21:58:00"]
[TimeControl "180+2"]

1. d4 Nf6 2. Bf4 d5 3. e3 c5 4. c3 e6 5. Nd2 Nbd7 6. Ngf3 Be7 7. h3 O-O 8.
Bd3 c4 9. Bc2 b5 10. O-O Bb7 11. Ne5 Nxe5 12. Bxe5 Nd7 13. Bh2 f5 14. f3 b4
15. e4 Qa5 16. exf5 exf5 17. Re1 Bh4 18. cxb4 Qxb4 19. Re6 Qxb2 20. Nf1 Rae8
21. Rb1 Qc3 22. Rxe8 Rxe8 23. Rxb7 Re1 24. Qxe1 Qxe1 25. g3 Bf6 26. Rb1
Bxd4+ 27. Kh1 Qe2 28. Bd1 Qxf1+ {White resigns} 0-1